General information
- name: BNet
- type: Ladder team game (AT/RT)
- host: Battle.net
- saver: OrcishKhanate
map: Friends
- players: 8
- length: 50:54
- speed: Fast
- version: 1.26 W3XP
- replay type: Public
» download(296 KB)
Players
team 1 (loser)
tony_stark (
red | 67 APM | 1583 actions | 23:40)
8 Paladin
3 Holy Light
3 Divine Shield
1 Resurrection
1 Devotion Aura
» actions
| Assign group hotkey | 33 | |
| Basic commands | 56 | |
| Build / train | 85 | |
| ESC pressed | 5 | |
| Enter build submenu | 29 | |
| Enter hero's abilities submenu | 8 | |
| Give item / drop item | 1 | |
| Remove unit from queue | 1 | |
| Right click | 377 | |
| Select / deselect | 440 | |
| Select group hotkey | 419 | |
| Use ability | 129 | |
1583 total
» units
| Peasant | 11 | |
| Footman | 5 | |
| Forest Troll Shadow Priest | 1 | |
| Forest Troll Berserker | 2 | |
| Goblin Shredder | 1 | |
| Goblin Zeppelin | 1 | |
| Ogre Mauler | 1 | |
| Mud Golem | 1 | |
| Knight | 9 | |
| Siege Engine | 2 | |
34 total
» upgrades
| Defend | 1 | |
| Masonry | 2 | |
| Swords | 2 | |
| Animal War Training | 1 | |
| Plating | 1 | |
| Gunpowder | 1 | |
| Barrage | 1 | |
9 total
» buildings
| Altar of Kings | 1 | |
| Farm | 6 | |
| Barracks | 2 | |
| Scout Tower | 17 | |
| Arcane Tower | 3 | |
| Lumber Mill | 1 | |
| Guard Tower | 11 | |
| Keep | 1 | |
| Blacksmith | 1 | |
| Arcane Vault | 2 | |
| Castle | 1 | |
| Town Hall | 2 | |
| Workshop | 2 | |
50 total
» build order
00:08 Altar of Kings
00:11 Farm
00:20 Barracks
00:53 Farm
01:38 Scout Tower
02:07 Arcane Tower
02:42 Farm
02:48 Scout Tower
02:52 Lumber Mill
03:02 Farm
03:07 Scout Tower
03:39 Guard Tower
03:47 Guard Tower
05:24 Keep
05:36 Farm
05:49 Scout Tower
05:52 Farm
06:42 Guard Tower
06:44 Blacksmith
07:32 Arcane Vault
07:41 Scout Tower
07:42 Scout Tower
07:43 Scout Tower
08:11 Castle
08:14 Guard Tower
08:20 Guard Tower
09:52 Guard Tower
09:56 Guard Tower
10:03 Arcane Tower
11:37 Scout Tower
11:37 Scout Tower
11:38 Scout Tower
11:43 Scout Tower
11:44 Scout Tower
11:44 Scout Tower
12:01 Guard Tower
13:25 Guard Tower
13:35 Town Hall
13:41 Arcane Vault
13:44 Scout Tower
13:44 Scout Tower
15:02 Arcane Tower
15:03 Guard Tower
15:45 Barracks
17:35 Scout Tower
17:35 Scout Tower
17:53 Workshop
17:57 Workshop
20:05 Guard Tower
22:10 Town Hall
» items
| Rod of Necromancy | 1 | |
| Scroll of Regeneration | 1 | |
| Lesser Clarity Potion | 6 | |
| Potion of Healing | 1 | |
| Healing Salve | 1 | |
| Potion of Mana | 2 | |
| Scroll of Town Portal | 3 | |
| Orb of Corruption | 1 | |
16 total

»
Born_in_USSR (
teal | 48 APM | 1160 actions | 23:59)
3 Death Knight
2 Death Coil
1 Unholy Aura
2 Lich
1 Frost Nova
1 Dark Ritual
» actions
| Build / train | 53 | |
| Enter build submenu | 15 | |
| Enter hero's abilities submenu | 5 | |
| Give item / drop item | 2 | |
| Right click | 697 | |
| Select / deselect | 307 | |
| Use ability | 81 | |
1160 total
» units
| Acolyte | 3 | |
| Ghoul | 5 | |
| Crypt Fiend | 5 | |
| Obsidian Statue | 10 | |
| Forest Troll Shadow Priest | 1 | |
24 total
» upgrades
| Unholy Armor | 1 | |
| Burrow | 1 | |
| Web | 1 | |
| Destroyer Form | 1 | |
| Unholy Strength | 1 | |
5 total
» buildings
| Crypt | 1 | |
| Ziggurat | 6 | |
| Altar of Darkness | 1 | |
| Tomb of Relics | 1 | |
| Nerubian Tower | 5 | |
| Graveyard | 1 | |
| Halls of the Dead | 1 | |
| Black Citadel | 1 | |
| Slaughterhouse | 2 | |
| Necropolis | 1 | |
20 total
» build order
00:11 Crypt
00:15 Ziggurat
00:35 Altar of Darkness
01:05 Ziggurat
01:29 Tomb of Relics
01:45 Nerubian Tower
02:34 Graveyard
03:07 Nerubian Tower
04:27 Halls of the Dead
04:32 Ziggurat
05:31 Ziggurat
06:29 Nerubian Tower
06:35 Ziggurat
07:30 Black Citadel
07:34 Slaughterhouse
08:55 Nerubian Tower
10:16 Slaughterhouse
11:39 Ziggurat
16:14 Nerubian Tower
23:39 Necropolis
» items
| Rod of Necromancy | 1 | |
| Potion of Healing | 5 | |
| Lesser Clarity Potion | 2 | |
| Scroll of Speed | 1 | |
| Scroll of Regeneration | 1 | |
10 total
mirandavsashley (
green | 55 APM | 2798 actions | 50:54)
6 Dark Ranger
3 Black Arrow
2 Silence
1 Charm
5 Shadow Hunter
2 Hex
2 Healing Wave
1 Big Bad Voodoo
» actions
| Assign group hotkey | 41 | |
| Basic commands | 16 | |
| Build / train | 89 | |
| Enter build submenu | 54 | |
| Enter hero's abilities submenu | 12 | |
| Give item / drop item | 2 | |
| Right click | 1312 | |
| Select / deselect | 433 | |
| Select group hotkey | 680 | |
| Use ability | 159 | |
2798 total
» units
| Peon | 17 | |
| Grunt | 4 | |
| Goblin Shredder | 1 | |
| Wind Rider | 8 | |
| Goblin Zeppelin | 1 | |
| Peasant | 4 | |
| Acolyte | 8 | |
43 total
» upgrades
| Ranged Weapons | 2 | |
| Reinforced Defenses | 1 | |
| Envenomed Spears | 1 | |
| Armor | 2 | |
6 total
» buildings
| Altar of Storms | 1 | |
| Orc Burrow | 6 | |
| Barracks | 1 | |
| Voodoo Lounge | 1 | |
| Stronghold | 1 | |
| War Mill | 3 | |
| Fortress | 1 | |
| Watch Tower | 53 | |
| Beastiary | 3 | |
| Great Hall | 2 | |
| Necropolis | 4 | |
| Ziggurat | 17 | |
| Nerubian Tower | 3 | |
| Graveyard | 1 | |
| Altar of Darkness | 1 | |
| Spirit Tower | 12 | |
110 total
» build order
00:10 Altar of Storms
00:17 Orc Burrow
00:37 Barracks
01:28 Orc Burrow
01:48 Voodoo Lounge
03:14 Stronghold
04:06 War Mill
04:17 Orc Burrow
04:19 Orc Burrow
06:29 Fortress
07:06 Watch Tower
07:07 Watch Tower
07:10 Watch Tower
07:10 Watch Tower
07:12 Watch Tower
07:13 Watch Tower
07:24 Watch Tower
07:29 Watch Tower
07:30 Watch Tower
07:45 Beastiary
07:49 Beastiary
08:21 Orc Burrow
09:20 Beastiary
11:18 Orc Burrow
12:54 Great Hall
12:57 Watch Tower
12:57 Watch Tower
13:46 Watch Tower
13:48 Watch Tower
13:50 Watch Tower
14:00 Watch Tower
14:25 Watch Tower
14:26 Watch Tower
14:26 Watch Tower
17:31 Watch Tower
17:32 Watch Tower
17:32 Watch Tower
17:33 Watch Tower
21:04 Watch Tower
21:04 Watch Tower
21:05 Watch Tower
21:05 Watch Tower
21:18 Watch Tower
22:36 Watch Tower
22:36 Watch Tower
23:37 Watch Tower
23:37 Watch Tower
23:37 Watch Tower
23:38 Watch Tower
23:39 Watch Tower
23:39 Watch Tower
23:40 Watch Tower
23:41 Watch Tower
24:30 Watch Tower
24:31 Watch Tower
24:31 Watch Tower
24:31 Watch Tower
24:33 Watch Tower
24:42 Watch Tower
26:19 War Mill
28:28 Great Hall
28:30 War Mill
29:21 Necropolis
29:46 Watch Tower
29:46 Watch Tower
29:46 Watch Tower
29:48 Watch Tower
29:48 Watch Tower
29:50 Watch Tower
29:52 Watch Tower
31:10 Watch Tower
32:31 Ziggurat
32:31 Ziggurat
32:31 Ziggurat
33:35 Nerubian Tower
33:47 Ziggurat
33:48 Ziggurat
35:11 Nerubian Tower
35:13 Graveyard
36:25 Ziggurat
36:25 Ziggurat
36:51 Altar of Darkness
36:54 Ziggurat
36:54 Ziggurat
37:53 Spirit Tower
37:58 Spirit Tower
37:58 Spirit Tower
38:00 Spirit Tower
38:01 Spirit Tower
40:23 Ziggurat
40:23 Ziggurat
40:24 Ziggurat
41:15 Spirit Tower
41:15 Spirit Tower
41:17 Spirit Tower
41:20 Ziggurat
41:20 Ziggurat
41:20 Ziggurat
41:31 Spirit Tower
41:31 Spirit Tower
45:13 Necropolis
45:30 Necropolis
45:57 Ziggurat
45:57 Ziggurat
46:24 Necropolis
48:45 Spirit Tower
» items
| Healing Salve | 1 | |
| Scroll of Town Portal | 3 | |
| Potion of Healing | 2 | |
| Potion of Mana | 1 | |
| Staff of Sanctuary | 1 | |
8 total
STD_Maker (
orange | 33 APM | 1668 actions | 50:54)
7 Shadow Hunter
3 Serpent Ward
3 Healing Wave
1 Big Bad Voodoo
1 Death Knight
1 Unholy Aura
» actions
| Assign group hotkey | 3 | |
| Basic commands | 10 | |
| Build / train | 98 | |
| Enter build submenu | 16 | |
| Enter hero's abilities submenu | 8 | |
| Right click | 1047 | |
| Select / deselect | 366 | |
| Use ability | 120 | |
1668 total
» units
| Peon | 26 | |
| Grunt | 7 | |
| Wind Rider | 10 | |
| Goblin Zeppelin | 1 | |
| Peasant | 3 | |
| Acolyte | 26 | |
73 total
» upgrades
» buildings
| Orc Burrow | 6 | |
| Altar of Storms | 1 | |
| Barracks | 1 | |
| War Mill | 1 | |
| Voodoo Lounge | 1 | |
| Stronghold | 3 | |
| Watch Tower | 4 | |
| Beastiary | 2 | |
| Great Hall | 1 | |
| Crypt | 1 | |
| Tomb of Relics | 1 | |
| Halls of the Dead | 1 | |
| Black Citadel | 1 | |
24 total
» build order
00:04 Orc Burrow
00:06 Altar of Storms
00:08 Barracks
02:39 Orc Burrow
03:05 War Mill
03:59 Voodoo Lounge
05:30 Stronghold
05:30 Stronghold
05:30 Stronghold
06:44 Watch Tower
06:45 Watch Tower
06:47 Watch Tower
06:49 Watch Tower
07:36 Orc Burrow
07:36 Orc Burrow
07:37 Orc Burrow
07:38 Orc Burrow
08:29 Beastiary
08:30 Beastiary
17:41 Great Hall
32:31 Crypt
33:46 Tomb of Relics
34:59 Halls of the Dead
38:00 Black Citadel
» items
| Mana Stone | 1 | |
| Lesser Clarity Potion | 5 | |
| Healing Salve | 1 | |
| Orb of Lightning | 1 | |
| Scroll of Speed | 1 | |
9 total
team 2 (winner)
DarthSauron (
purple | 28 APM | 1421 actions | 50:54)
7 Dark Ranger
3 Life Drain
3 Silence
1 Charm
7 Firelord
3 Soul Burn
3 Summon Lava Spawn
1 Volcano
2 Pit Lord
1 Rain of Fire
1 Cleaving Attack
» actions
| Assign group hotkey | 15 | |
| Basic commands | 4 | |
| Build / train | 98 | |
| Enter build submenu | 23 | |
| Enter hero's abilities submenu | 16 | |
| Remove unit from queue | 3 | |
| Right click | 636 | |
| Select / deselect | 454 | |
| Select group hotkey | 21 | |
| Use ability | 151 | |
1421 total
» units
| Acolyte | 13 | |
| Ghoul | 4 | |
| Crypt Fiend | 23 | |
| Obsidian Statue | 2 | |
| Abomination | 11 | |
| Goblin Zeppelin | 4 | |
57 total
» upgrades
| Web | 1 | |
| Creature Attack | 1 | |
| Creature Carapace | 1 | |
| Disease Cloud | 1 | |
| Unholy Armor | 1 | |
| Cannibalize | 1 | |
6 total
» buildings
| Altar of Darkness | 1 | |
| Crypt | 1 | |
| Ziggurat | 12 | |
| Graveyard | 1 | |
| Halls of the Dead | 1 | |
| Nerubian Tower | 1 | |
| Spirit Tower | 6 | |
| Tomb of Relics | 1 | |
| Slaughterhouse | 1 | |
| Black Citadel | 1 | |
| Sacrificial Pit | 1 | |
27 total
» build order
00:14 Altar of Darkness
00:17 Crypt
00:42 Ziggurat
01:32 Graveyard
02:54 Halls of the Dead
02:58 Ziggurat
03:00 Nerubian Tower
03:03 Ziggurat
03:36 Ziggurat
03:50 Spirit Tower
03:57 Spirit Tower
04:37 Spirit Tower
04:53 Tomb of Relics
06:12 Slaughterhouse
09:48 Black Citadel
09:51 Sacrificial Pit
10:37 Ziggurat
10:43 Ziggurat
10:47 Ziggurat
12:07 Spirit Tower
36:12 Spirit Tower
40:19 Ziggurat
40:21 Ziggurat
40:23 Ziggurat
40:25 Ziggurat
40:27 Ziggurat
41:25 Spirit Tower
» items
| Inferno Stone | 1 | |
| Book of the Dead | 1 | |
| Ice Shard | 1 | |
| Scroll of Resurrection | 1 | |
4 total

»
YOU_TOTAL_LOL (
yellow | 45 APM | 1864 actions | 41:10)
9 Priestess of the Moon
3 Scout
3 Trueshot Aura
2 Searing Arrows
1 Starfall
3 Naga Sea Witch
1 Frost Arrows
2 Forked Lightning
3 Dark Ranger
2 Black Arrow
1 Silence
» actions
| Assign group hotkey | 40 | |
| Basic commands | 43 | |
| Build / train | 151 | |
| Enter build submenu | 15 | |
| Enter hero's abilities submenu | 16 | |
| Remove unit from queue | 5 | |
| Right click | 677 | |
| Select / deselect | 493 | |
| Select group hotkey | 339 | |
| Use ability | 85 | |
1864 total
» units
| Wisp | 18 | |
| Archer | 50 | |
| Druid of the Talon | 15 | |
| Goblin Sapper | 7 | |
| Glaive Thrower | 2 | |
| Goblin Zeppelin | 2 | |
| Goblin Shredder | 1 | |
95 total
» upgrades
| Strength of the Moon | 3 | |
| Improved Bows | 1 | |
| Marksmanship | 1 | |
| Moon Armor | 3 | |
| Druid of the Talon Training | 2 | |
| Strength of the Wild | 1 | |
| Reinforced Hides | 1 | |
| Ultravision | 1 | |
| Well Spring | 1 | |
| Vorpal Blades | 1 | |
| Mark of the Talon | 1 | |
| Nature's Blessing | 1 | |
17 total
» buildings
| Altar of Elders | 1 | |
| Moon Well | 8 | |
| Ancient of War | 2 | |
| Ancient of Wonders | 1 | |
| Tree of Ages | 1 | |
| Hunter's Hall | 1 | |
| Tree of Eternity | 1 | |
| Ancient of Wind | 1 | |
| Tree of Life | 1 | |
17 total
» build order
00:08 Altar of Elders
00:18 Moon Well
00:50 Ancient of War
01:34 Moon Well
01:46 Ancient of Wonders
02:42 Tree of Ages
03:40 Moon Well
04:07 Hunter's Hall
05:16 Tree of Eternity
05:24 Ancient of Wind
06:59 Moon Well
09:52 Tree of Life
10:00 Moon Well
14:00 Ancient of War
21:32 Moon Well
21:34 Moon Well
22:48 Moon Well
» items
| Orb of Venom | 1 | |
| Scroll of Town Portal | 9 | |
| Potion of Healing | 3 | |
| Scroll of Regeneration | 1 | |
| Orb of Corruption | 1 | |
15 total
OrcishKhanate (
pink | 67 APM | 3410 actions | 50:54)
7 Blademaster
3 Wind Walk
3 Critical Strike
1 Bladestorm
» actions
| Assign group hotkey | 291 | |
| Basic commands | 570 | |
| Build / train | 88 | |
| Enter build submenu | 51 | |
| Enter hero's abilities submenu | 7 | |
| Right click | 1371 | |
| Select / deselect | 607 | |
| Select group hotkey | 209 | |
| Use ability | 216 | |
3410 total
» units
| Peon | 13 | |
| Grunt | 6 | |
| Wind Rider | 16 | |
| Goblin Shredder | 1 | |
| Goblin Zeppelin | 1 | |
| Demolisher | 6 | |
| Raider | 2 | |
| Tauren | 2 | |
47 total
» upgrades
| Berserker Strength | 1 | |
| Armor | 3 | |
| Ranged Weapons | 3 | |
| Burning Oil | 1 | |
| Envenomed Spears | 1 | |
| Ensnare | 1 | |
| Pulverize | 1 | |
| Spirit Walker Training | 1 | |
| Shaman Training | 1 | |
| Reinforced Defenses | 1 | |
14 total
» buildings
| Orc Burrow | 7 | |
| Altar of Storms | 1 | |
| Barracks | 2 | |
| Voodoo Lounge | 1 | |
| Stronghold | 1 | |
| War Mill | 2 | |
| Beastiary | 6 | |
| Watch Tower | 41 | |
| Great Hall | 2 | |
| Fortress | 1 | |
| Spirit Lodge | 2 | |
| Tauren Totem | 2 | |
68 total
» build order
00:32 Orc Burrow
00:42 Altar of Storms
00:51 Barracks
01:26 Voodoo Lounge
01:39 Orc Burrow
03:21 Stronghold
04:33 War Mill
04:35 Orc Burrow
05:57 Beastiary
05:58 Beastiary
06:01 Orc Burrow
06:50 Beastiary
08:44 Watch Tower
08:44 Watch Tower
08:45 Watch Tower
08:50 Watch Tower
11:31 Great Hall
12:05 Watch Tower
12:05 Watch Tower
12:05 Watch Tower
12:07 Watch Tower
12:07 Watch Tower
14:06 Fortress
14:28 Great Hall
15:15 Orc Burrow
15:16 Orc Burrow
15:17 Orc Burrow
18:12 Barracks
18:15 Spirit Lodge
18:18 Spirit Lodge
18:20 Tauren Totem
18:22 Tauren Totem
18:31 War Mill
23:57 Watch Tower
23:57 Watch Tower
23:58 Watch Tower
23:58 Watch Tower
23:59 Watch Tower
24:01 Watch Tower
24:01 Watch Tower
24:03 Watch Tower
24:06 Watch Tower
24:06 Watch Tower
24:07 Watch Tower
24:08 Watch Tower
24:08 Watch Tower
24:09 Watch Tower
24:09 Watch Tower
24:09 Watch Tower
24:13 Watch Tower
24:13 Watch Tower
24:14 Watch Tower
24:14 Watch Tower
25:55 Beastiary
25:58 Beastiary
26:02 Beastiary
26:14 Watch Tower
37:07 Watch Tower
37:08 Watch Tower
37:08 Watch Tower
37:09 Watch Tower
37:09 Watch Tower
37:10 Watch Tower
37:10 Watch Tower
37:11 Watch Tower
37:12 Watch Tower
» items
| Healing Salve | 8 | |
| Scroll of Town Portal | 6 | |
| Orb of Lightning | 1 | |
15 total
Lycan_XI (
blue | 44 APM | 1858 actions | 41:51)
3 Mountain King
1 Storm Bolt
1 Bash
1 Thunder Clap
» actions
| Assign group hotkey | 8 | |
| Basic commands | 36 | |
| Build / train | 86 | |
| Enter build submenu | 22 | |
| Enter hero's abilities submenu | 3 | |
| Remove unit from queue | 2 | |
| Right click | 987 | |
| Select / deselect | 649 | |
| Select group hotkey | 17 | |
| Use ability | 48 | |
1858 total
» units
| Peasant | 10 | |
| Footman | 6 | |
| Rifleman | 15 | |
| Mortar Team | 11 | |
| Siege Engine | 14 | |
| Goblin Zeppelin | 4 | |
60 total
» upgrades
| Masonry | 1 | |
| Gunpowder | 3 | |
| Armor | 3 | |
| Lumber Harvesting | 1 | |
| Long Rifles | 1 | |
| Flare | 1 | |
| Fragmentation Shards | 1 | |
| Plating | 3 | |
| Barrage | 1 | |
15 total
» buildings
| Altar of Kings | 1 | |
| Farm | 12 | |
| Barracks | 1 | |
| Lumber Mill | 1 | |
| Scout Tower | 2 | |
| Arcane Tower | 1 | |
| Arcane Vault | 1 | |
| Keep | 1 | |
| Blacksmith | 1 | |
| Guard Tower | 1 | |
| Workshop | 2 | |
| Castle | 1 | |
25 total
» build order
00:11 Altar of Kings
00:22 Farm
00:36 Barracks
00:59 Farm
01:39 Farm
01:42 Lumber Mill
02:26 Scout Tower
02:55 Arcane Tower
03:04 Arcane Vault
04:24 Keep
04:27 Blacksmith
05:48 Scout Tower
06:15 Guard Tower
06:18 Farm
06:58 Farm
07:07 Workshop
07:41 Farm
08:28 Farm
09:10 Farm
09:52 Farm
10:37 Workshop
11:32 Castle
11:48 Farm
12:36 Farm
13:33 Farm
Chat log
(00:26 / Allies) YOU_TOTAL_LOL: archer POTM dot
(00:28 / Allies) Lycan_XI: rifles morts
(02:04 / All) OrcishKhanate: Someone told me once that there's a right and wrong
(02:10 / All) OrcishKhanate: punishment was cure for those who dare to cross the line
(02:13 / All) OrcishKhanate: but it must not be true
(02:23 / All) OrcishKhanate: for jerk-offs just like you! AND MAYBE IT'S
(02:26 / All) STD_Maker: that's cute.
(02:27 / All) OrcishKhanate: TAKES LONGER
(02:33 / All) OrcishKhanate: TO CATCH A TOTAL ASSHOLE
(04:03 / Allies) YOU_TOTAL_LOL: thx pink
(04:10 / Allies) OrcishKhanate: wjat
(04:27 / All) OrcishKhanate: that was fruitful
(04:54 / Allies) YOU_TOTAL_LOL: meh
(04:58 / Allies) YOU_TOTAL_LOL: u can solo it
(08:37 / All) OrcishKhanate: teal are you gonna be a pain in my ass
(12:30 / Allies) Lycan_XI: purple should we attack oj
(12:35 / Allies) DarthSauron: go
(16:20 / Allies) DarthSauron: go bule
(16:24 / Allies) DarthSauron: its ur birthday
(16:29 / Allies) Lycan_XI: ....
(16:37 / All) OrcishKhanate: y
(16:40 / Allies) DarthSauron: ??
(17:19 / Allies) OrcishKhanate: I'm backing up
(20:12 / Allies) Lycan_XI: gold plz
(21:35 / Allies) DarthSauron: wait 4 me
(23:06 / Allies) Lycan_XI: omw
(24:46 / Allies) DarthSauron: i got volocano
(24:52 / Allies) YOU_TOTAL_LOL: yay
(25:24 / Allies) Lycan_XI: haha cool
(25:50 / All) YOU_TOTAL_LOL: green is the best player
(26:10 / All) Lycan_XI: gg
(26:31 / All) YOU_TOTAL_LOL: green lose too musch hes time
(27:09 / Allies) OrcishKhanate: gold please
(28:36 / All) Lycan_XI: pink
(28:45 / All) Lycan_XI: ...
(32:48 / All) Lycan_XI: pinkl
(32:51 / All) Lycan_XI: kill him
(32:59 / All) Lycan_XI: stop screwing us over
(33:52 / Allies) YOU_TOTAL_LOL: pink is jalous
(33:58 / All) YOU_TOTAL_LOL: he will amke
(34:02 / Allies) YOU_TOTAL_LOL: we will lsoe
(34:17 / Allies) YOU_TOTAL_LOL: cause we cant kill kill green and he cant kill grenn
(34:18 / Allies) DarthSauron: blue
(34:23 / Allies) DarthSauron: get a zepplina nd kill green now
(35:11 / Allies) YOU_TOTAL_LOL: wtf sad idiot
(36:04 / All) Lycan_XI: pink go burn
(36:07 / Allies) YOU_TOTAL_LOL: we still losing
(36:16 / Allies) YOU_TOTAL_LOL: im hacking pink
(36:21 / All) Lycan_XI: fuck him over
(36:29 / Allies) YOU_TOTAL_LOL: i put a porn boot on hes program file
(37:05 / Allies) YOU_TOTAL_LOL: gold
(37:08 / All) Lycan_XI: green leave now you lost
(37:13 / All) mirandavsashley: lawl
(37:17 / All) STD_Maker: LOL
(37:20 / Allies) YOU_TOTAL_LOL: gold
(37:21 / All) STD_Maker: we lost?
(37:22 / Allies) DarthSauron: bluw wait
(37:26 / Allies) DarthSauron: we go together
(37:31 / Allies) YOU_TOTAL_LOL: gold
(37:32 / Allies) YOU_TOTAL_LOL: gold
(37:33 / Allies) DarthSauron: fucking waity bloue'
(37:33 / Allies) YOU_TOTAL_LOL: gold
(37:35 / Allies) YOU_TOTAL_LOL: idiot
(37:56 / Allies) YOU_TOTAL_LOL: blu gold me
(38:28 / Allies) Lycan_XI: can you really hack him
(38:34 / Allies) YOU_TOTAL_LOL: done
(38:53 / Allies) YOU_TOTAL_LOL: he need reoot windows for delee porn boot
(39:03 / Allies) Lycan_XI: plz dont be shittinn me
(39:06 / Allies) Lycan_XI: did you really hack him
(39:35 / All) OrcishKhanate: HAHAHAHA
(39:36 / All) mirandavsashley: LOL
(39:37 / All) OrcishKhanate: HAHAHAHAHAHA
(39:39 / All) mirandavsashley: SH DIED
(39:42 / All) mirandavsashley: faggot leaves
(39:47 / All) STD_Maker: lawl
(39:48 / All) OrcishKhanate: His potm died
(39:49 / All) OrcishKhanate: in the crash
(39:50 / All) mirandavsashley: now oj got voodoo
(39:54 / All) STD_Maker: yeah LOL
(39:57 / Allies) YOU_TOTAL_LOL: pink
(40:06 / All) mirandavsashley: u guys are horrible just to le tu know, me, pink, and oj > u
(40:07 / Allies) YOU_TOTAL_LOL: go see in ur program file
(40:17 / Allies) YOU_TOTAL_LOL: u will see my porn boot
(40:18 / All) OrcishKhanate: Yellow says he hacked me
(40:18 / Allies) YOU_TOTAL_LOL: :)
(40:26 / All) STD_Maker: LOL
(40:34 / All) YOU_TOTAL_LOL: come clan tah
(40:48 / All) STD_Maker: clan tah will be loaded and flooded after this game
(41:00 / All) YOU_TOTAL_LOL: muahahaha
(41:07 / All) YOU_TOTAL_LOL: idiot
(41:10 / Allies) Lycan_XI: \
(41:14 / All) STD_Maker: LOL
(41:42 / All) Lycan_XI: cant wait till you kids come out to the light
(41:48 / All) Lycan_XI: you gonna be so screwed over
(42:03 / All) mirandavsashley: epic stab
(42:08 / All) STD_Maker: ^
(42:14 / All) OrcishKhanate: yeah I was worried
(42:18 / All) OrcishKhanate: I'm eating and jamming out
(42:21 / All) OrcishKhanate: didn't even realize
(42:25 / All) OrcishKhanate: barely paying attention
(42:30 / All) OrcishKhanate: had to kill my ground troops quickly
(42:38 / All) OrcishKhanate: thankfully yellow tped to save his potm
(42:42 / All) OrcishKhanate: right into my towers in his base
(44:51 / All) OrcishKhanate: I am on my way
(44:56 / All) STD_Maker: lol rgr that
(44:58 / All) OrcishKhanate: Please bear with me, there are no boots of speed on this map
(45:04 / All) STD_Maker: LOL
(45:38 / All) mirandavsashley: orange is cool
(45:47 / All) STD_Maker: lol clan nm
(46:25 / All) STD_Maker: lol @ purp getting stomped
(46:45 / All) mirandavsashley: pink is a professional
(46:49 / All) STD_Maker: I see lol
(47:02 / All) mirandavsashley: red
(47:05 / All) mirandavsashley: is a god damn idiot
(47:09 / All) STD_Maker: Lol why
(47:12 / All) mirandavsashley: pink told me yellow expo'd top right
(47:17 / All) mirandavsashley: and red creeped RIGHT NEXT TO IT
(47:18 / All) STD_Maker: oh yeah lol
(47:23 / All) STD_Maker: i know he cced insted of killing
(47:27 / All) mirandavsashley: i kept telling him over and over
(47:29 / All) mirandavsashley: go over 5 inches
(47:32 / All) mirandavsashley: of course he didnt
(48:00 / All) mirandavsashley: i was on the phone when they attacked oj
(49:09 / All) STD_Maker: nice pink
(49:38 / All) mirandavsashley: purple
(49:40 / All) mirandavsashley: must be enraged
(49:47 / All) STD_Maker: lol i bet
(49:54 / All) OrcishKhanate: yellow was
(50:18 / All) mirandavsashley: ANY OTHER BASES
(50:35 / All) OrcishKhanate: this is it
(50:42 / All) mirandavsashley: last building
(50:46 / All) DarthSauron: sad really
(50:46 / All) STD_Maker: GG
(50:49 / All) DarthSauron: not even fun